 Dungeon Crawl Stone Soup version 0.31-a0-446-g07c4bd200f (webtiles) character file.

Game seed: 15842393946603741142

1195 Ethylacetat the Insei (level 8, -6/44 HPs)
             Began as a Vine Stalker Monk on Aug 3, 2023.
             Mangled by a gnoll sergeant
             ... wielding a +0 heavy trident
              (16 damage)
             ... on level 5 of the Dungeon.
             The game lasted 00:06:18 (3657 turns).

Ethylacetat the Insei (Vine Stalker Monk)           Turns: 3657, Time: 00:06:19

Health: -6/44      AC:  6    Str: 14    XL:     8   Next: 44%
Magic:  0/17       EV:  6    Int: 10    God:
Gold:   221        SH:  0    Dex: 19    Spells: 17/17 levels left

rFire   + . .        o - +1 whip (venom)
rCold   . . .        c - orb {light}
rNeg    . . .        b - +1 ring mail {rF+}
rPois   .            (no helmet)
rElec   .            (no cloak)
rCorr   .            (no gloves)
SInv    .            (no boots)
Will    +....        (no amulet)
Stlth   +            (no ring)
HPRegen 1.07/turn    (no ring)
MPRegen 0.15/turn

%: guardian spirit
@: held, glowing
A: fangs 3, regeneration 1, magic shield, antimagic bite, no potion heal 2
a: no special abilities


You were on level 5 of the Dungeon.
You visited 1 branch of the dungeon, and saw 5 of its levels.

You collected 221 gold pieces.

Inventory:

Hand Weapons
 l - a +1 antimagic dagger
 o - a +1 whip of venom (weapon)
Armour
 b - a +1 ring mail of fire resistance (worn)
 c - an orb of light (worn)
Wands
 n - a wand of flame (26)
 s - a wand of paralysis (10)
Scrolls
 d - a scroll of enchant armour {unknown}
 h - a scroll of amnesia {unknown}
 i - 2 scrolls of immolation {unknown}
 m - 2 scrolls of identify {unknown}
 p - a scroll of blinking {unknown}
 q - a scroll of enchant weapon {unknown}
 r - a scroll of noise {unknown}
Potions
 a - a potion of curing {unknown}
 f - a potion of might {unknown}
 g - 5 potions of heal wounds {unknown}
 j - a potion of cancellation {unknown}
 k - a potion of magic {unknown}


   Skills:
 + Level 5.9 Fighting
 - Level 2.4 Dodging
 + Level 6.3 Unarmed Combat
 + Level 5.4 Spellcasting


You had 17 spell levels left.
You didn't know any spells.
Your spell library contained the following spells:

 Spells                   Type           Power      Damage    Failure   Level
 Freeze                   Ice            8%         1d3       41%         1
 Magic Dart               Conj           8%         1d3       41%         1
 Call Imp                 Summ           4%         N/A       56%         2
 Lesser Beckoning         Tloc           4%         N/A       56%         2
 Frozen Ramparts          Ice            4%         1d1       80%         3
 Gell's Gravitas          Tloc           2%         N/A       80%         3
 Hailstorm                Conj/Ice       2%         3d3       80%         3
 Mephitic Cloud           Conj/Pois/Air  2%         N/A       80%         3
 Ozocubu's Armour         Ice            2%         N/A       80%         3
 Teleport Other           Tloc           2%         N/A       80%         3
 Ozocubu's Refrigeration  Ice            1%         4d7       100%        7


Dungeon Overview and Level Annotations

Branches:
Dungeon (5/15)
 Temple: D:4-7

Altars:
Trog
Vehumet

Annotations:
D:3 1 runed translucent door, Ethylacetat's ghost, amateur OpSh
D:5 2 runed translucent doors


Innate Abilities, Weirdness & Mutations

You have razor-sharp teeth.
Your natural rate of healing is unusually fast.
When hurt, damage is shared between your health and your magic reserves.
Your bite disrupts and absorbs the magic of your enemies.
Potions cannot restore your health.


Message History

The gnoll shouts!
The gnoll hits you with a +0 spear.
You hit the gnoll. You bite the gnoll. You drain its power.
The gnoll is heavily wounded.
The gnoll closely misses you. The gnoll hits you but does no damage.
There are monsters nearby!
You hit the gnoll but do no damage.
The gnoll is poisoned.
You bite the gnoll. You drain its power.
The gnoll is heavily wounded.
The gnoll hits you from afar with a +0 spear.
The gnoll hits you with a +0 spear!
You barely miss the gnoll.
The gnoll is severely wounded.
The gnoll hits you with a +0 spear.
The gnoll sergeant hits you from afar with a +0 heavy trident!
You hit the gnoll.
You kill the gnoll!
The gnoll sergeant hits you with a +0 heavy trident.
The gnoll hits you from afar with a +0 spear.
The gnoll hits you from afar with a +0 halberd!
* * * LOW HITPOINT WARNING * * *
The gnoll sergeant attacks as you move away!
The gnoll sergeant hits you with a +0 heavy trident!
* * * LOW HITPOINT WARNING * * *
The gnoll misses you.
There is a stone staircase leading up here.
The gnoll sergeant hits you with a +0 heavy trident!!
* * * LOW HITPOINT WARNING * * *
The gnoll hits you with a +0 halberd.
* * * LOW HITPOINT WARNING * * *
The gnoll sergeant closely misses you. The gnoll hits you but does no damage.
The gnoll throws a throwing net.
The throwing net hits you.
You become entangled in the net!
You see here a throwing net.
You struggle against the net.
The gnoll hits you from afar with a +0 halberd.
* * * LOW HITPOINT WARNING * * *
You struggle against the net.
The gnoll sergeant hits you from afar with a +0 heavy trident!
You die...

### ### #.#####.# #
.#......######## .#
..###..........####..#
..............g......#
..............g.@....#
..............g.......#
..............<........#
.......................#
.......................#
.......................#
.......................###
.........................
........................
..


You could see a gnoll sergeant and 2 gnolls.

Vanquished Creatures
  Grinder (D:3)
  Sigmund (D:4)
  Edmund (D:4)
  Duvessa (D:5)
  A scorpion (D:5)
  Dowan (D:5)
  A gnoll bouda (D:3)
  A hound (D:5)
  An orc priest (D:4)
  2 orc wizards (D:4)
  2 sleepcaps
  2 iguanas (D:5)
  4 adders
  12 gnolls
  2 ufetubi (D:5)
  2 worms
  5 dart slugs
  5 orcs
  8 ball pythons
  6 bats
  10 endoplasms
  2 giant cockroaches (D:1)
  8 goblins
  9 hobgoblins
  8 kobolds
  6 quokkas
  4 frilled lizards
  9 rats
115 creatures vanquished.

Notes
Turn   | Place    | Note
-------+----------+-------------------------------------------
     0 | D:1      | Ethylacetat the Vine Stalker Monk began the quest for the
                  | Orb.
     0 | D:1      | Reached XP level 1. HP: 11/11 MP: 2/2
    93 | D:1      | You fall into a shaft and drop 1 floor!
   135 | D:2      | Reached XP level 2. HP: 14/16 MP: 1/4
   139 | D:2      | Reached skill level 1 in Spellcasting
   284 | D:1      | Reached XP level 3. HP: 13/20 MP: 5/5
   613 | D:1      | Gained mutation: Your natural rate of healing is unusually
                  | fast. [Vine Stalker growth]
   613 | D:1      | Reached XP level 4. HP: 24/24 MP: 7/7
   888 | D:1      | Found a faded altar of an unknown god.
  1394 | D:3      | Noticed Grinder
  1399 | D:3      | Paralysed by Grinder for 4 turns
  1443 | D:3      | Killed Grinder
  1444 | D:3      | Reached skill level 4 in Unarmed Combat
  1444 | D:3      | Reached XP level 5. HP: 15/29 MP: 2/10
  1444 | D:3      | Reached XP level 6. HP: 17/33 MP: 2/11
  1773 | D:3      | Found a bloodstained altar of Trog.
  2313 | D:3      | Found a runed translucent door.
  2316 | D:3      | Noticed Ethylacetat's ghost (amateur OpSh)
  2674 | D:4      | Found a radiant altar of Vehumet.
  2683 | D:4      | Reached skill level 5 in Unarmed Combat
  2683 | D:4      | Reached XP level 7. HP: 33/38 MP: 11/13
  3071 | D:4      | Noticed Sigmund
  3078 | D:4      | Killed Sigmund
  3079 | D:4      | Reached skill level 5 in Fighting
  3092 | D:4      | Noticed Edmund
  3104 | D:4      | Killed Edmund
  3105 | D:4      | Gained mutation: You have razor-sharp teeth. [Vine Stalker
                  | growth]
  3105 | D:4      | Reached XP level 8. HP: 9/44 MP: 2/16
  3375 | D:5      | Entered Level 5 of the Dungeon
  3375 | D:5      | Noticed Dowan
  3376 | D:5      | Noticed Duvessa
  3396 | D:5      | Killed Duvessa
  3397 | D:5      | Reached skill level 6 in Unarmed Combat
  3397 | D:5      | Reached skill level 5 in Spellcasting
  3404 | D:5      | Killed Dowan
  3458 | D:5      | Found a large runed translucent door.
  3458 | D:5      | Found a large runed translucent door.
  3627 | D:5      | HP: 1/44 [gnoll sergeant/+0 heavy trident (9)]
  3657 | D:5      | Mangled by a gnoll sergeant

Illustrated notes

Levels and vault maps discovered:
D:1:      minmay_arrival_diagonal_passages, layout_loops_ring,
          ebering_ecumenical_altar_sacrificial
D:2:      layout_basic, minmay_misc_feat_columns, uniq_crazy_yiuf_cottage
D:3:      layout_basic, overflow_temple_1_default, ebering_ghost_sewer_d,
          patterned_corridor, uniq_grinder
D:4:      layout_gridville, mainiacjoe_overflow_surrounded_room, st_stairs_9,
          sigmund_edmund_badplayer
D:5:      layout_layer_cave, nicolae_ru_path_of_blood,
          ebering_ghost_disaster_area, kennysheep_crisscross,
          grunt_ministairs_15, uniq_duvessa, uniq_edmund, uniq_ijyb

Skill      XL: |  1  2  3  4  5  6  7  8 |
---------------+-------------------------+-----
Fighting       | 3 4 5 |  5.9
Spellcasting   | 1 3 4 5 |  5.4
Unarmed Combat | 4 5 6 |  6.3
Dodging        | |  2.4

Action                     |  1- 3 |  4- 6 |  7- 9 || total
---------------------------+-------+-------+-------++-------
  Melee: Unarmed           |    89 |    19 |       ||   108
         Bite              |    31 |    50 |    55 ||   136
         Dagger            |       |    76 |       ||    76
         Whip              |       |    47 |   104 ||   151
    Use: Potion            |       |       |     2 ||     2
 Armour: Robe              |    12 |    22 |     3 ||    37
         Ring mail         |       |       |     9 ||     9
  Dodge: Dodged            |    57 |    81 |    82 ||   220

Table legend: (Time is in decaauts)
 A = Elapsed time spent in this place.
 B = Non-inter-level travel time spent in this place.
 C = Inter-level travel time spent in this place.
 D = Time resting spent in this place.
 E = Time spent auto-exploring this place.
 F = Levels seen in this place.
 G = Mean time per level.
                   A        B        C        D        E       F      G
               +--------+--------+--------+--------+--------+-----+--------+
         Total |   3664 |   3425 |    239 |     80 |   2573 |   5 |  732.8 |
       Dungeon |   3664 |   3425 |    239 |     80 |   2573 |   5 |  732.8 |
               +--------+--------+--------+--------+--------+-----+--------+

Top non-repeatable levels by time:
     D:3: 1169 daAuts
     D:4: 833 daAuts
     D:1: 740 daAuts
     D:2: 634 daAuts
     D:5: 287 daAuts
